 Dungeon Crawl Stone Soup version 0.24.0-13-gcf9b319 (webtiles) character file.

Game seed: 5989812759042315209, levelgen mode: deterministic

3151 Bronimir the Chopper (level 9, 0/71 HPs)
             Began as a Centaur Gladiator on Apr 26, 2020.
             Was a Follower of Okawaru.
             Slain by a killer bee (3 damage)
             ... on level 8 of the Dungeon.
             The game lasted 00:29:09 (9076 turns).

Bronimir the Chopper (Centaur Gladiator)            Turns: 9076, Time: 00:29:09

Health: 0/71       AC: 10    Str: 17    XL:     9   Next: 62%
Magic:  10/12      EV: 18    Int: 11    God:    Okawaru [*.....]
Gold:   338        SH: 11    Dex: 17    Spells: 9/12 levels left

rFire    . . .     SeeInvis .   a - +4 hand axe
rCold    . . .     Gourm    .   s - +0 shield
rNeg     . . .     Faith    .   h - +1 ring mail
rPois    .         Spirit   .   o - +0 helmet
rElec    .         Reflect  .   H - scarf {cloud immunity}
rCorr    .         Harm     .   (no gloves)
MR       ++...     Rnd*Rage +   (no barding) Stlth ++++......Rnd*Tele +
                                p - necklace of Bloodlust {*Rage +Rage MR++ Int-3 Slay+6 *Curse} (curse)
HPRegen  0.21/turn              K - ring of teleportation (curse)
MPRegen  0.13/turn              (no ring)

@: brilliant, agile, lethally poisoned (0 -> -2), heroism, flying, very slightly
contaminated, invisible, very quick
A: large, hooves 3, deformed body, speed 2, tough skin 3
a: Heroism, Renounce Religion, Evoke Berserk Rage


You were on level 8 of the Dungeon.
You worshipped Okawaru.
Okawaru was aware of your devotion.
You were not hungry.

You visited 1 branch of the dungeon, and saw 8 of its levels.

You collected 338 gold pieces.

Inventory:

Hand Weapons
 a - a +4 hand axe (weapon)
 x - a +5 halberd
 y - a +0 war axe
 E - a +0 halberd
 G - a +0 shortbow
Missiles
 d - 17 poisoned darts (quivered)
 j - 11 boomerangs
 l - 122 arrows
 n - 125 stones
Armour
 b - a +0 leather armour
 c - a +0 helmet
 h - a +1 ring mail (worn)
 o - a +0 helmet (worn)
 s - a +0 shield (worn)
 t - a +1 cloak
 H - a scarf of cloud immunity (worn)
Jewellery
 p - the cursed necklace of Bloodlust (around neck) {*Rage +Rage MR++ Int-3 Slay+6 *Curse}
   (You took it off a gnoll on level 4 of the Dungeon)

   [amulet of rage]

   It affects your intelligence (-3).
   It affects your accuracy and damage with ranged weapons and melee attacks
   (+6).
   It affects your resistance to hostile enchantments.
   It lets you go berserk.
   It may make you go berserk in combat.
   It curses itself when equipped.
   It has a curse placed upon it.
 B - an uncursed amulet of the acrobat {unknown}
 C - an uncursed amulet of rage
 K - a cursed ring of teleportation (left hand)
Wands
 u - a wand of iceblast (4)
Scrolls
 e - 8 scrolls of remove curse
 g - a scroll of teleportation
 i - 4 scrolls of amnesia
 k - 7 scrolls of identify
Potions
 r - 2 potions of agility
 v - a potion of ambrosia
 w - a potion of brilliance
 A - 2 potions of flight
 D - 4 potions of lignification {unknown}
 F - a potion of experience {unknown}
 I - a potion of might {unknown}
 J - a potion of berserk rage {unknown}
 M - a potion of degeneration {unknown}
Comestibles
 f - 12 rations
 N - a chunk of flesh


   Skills:
 * Level 4.2(9.2) Fighting
 + Level 7.9(12.9) Axes
 + Level 2.4(7.4) Throwing
 * Level 4.5(9.5) Armour
 + Level 3.3(8.3) Dodging
 + Level 0.5(5.5) Stealth
 * Level 3.3(8.3) Shields
 - Level 2.0 Spellcasting
 * Level 3.3 Hexes
 * Level 1.9 Invocations


You had 9 spell levels left.
You knew the following spells:

 Your Spells              Type           Power        Failure   Level  Hunger
a - Confuse               Hex            ###.....     4%          3    ####...

Your spell library contained the following spells:

 Spells                   Type           Power        Failure   Level  Hunger
 Confusing Touch          Hex            ###...       1%          1    ##.....
 Slow                     Hex            ###.....     2%          2    ###....
 Magic Dart               Conj           #...         7%          1    ##.....
 Blink                    Tloc           N/A          10%         2    ###....
 Call Imp                 Summ           #.......     10%         2    ###....
 Conjure Flame            Conj/Fire      #.......     17%         3    ####...
 Gell's Gravitas          Tloc           #.........   17%         3    ####...
 Mephitic Cloud           Conj/Pois/Air  #.......     17%         3    ####...
 Petrify                  Tmut/Erth      #.......     45%         4    #####..
 Metabolic Englaciation   Hex/Ice        ##........   54%         5    ######.
 Yara's Violent Unravell  Hex/Tmut       ##........   54%         5    ######.


Dungeon Overview and Level Annotations

Branches:
Dungeon (8/15)
 Temple: D:4-7         Lair: D:8-11

Altars:
Okawaru
Zin

Shops:
D:6 *   D:7 (


Innate Abilities, Weirdness & Mutations

You have hooves in place of feet.
Armour fits poorly on your strangely shaped body.
You cover ground very quickly.
You have extremely tough skin. (AC +3)


Message History

It was a potion of brilliance.
You feel clever all of a sudden.
* * * LOW HITPOINT WARNING * * *
You feel sick.
The killer bee stings you but does no damage. x2
You block the killer bee's attack. x2; The killer bee barely misses you.
The killer bee completely misses you.
It was a potion of invisibility.
You fade into invisibility!
The killer bee completely misses you. The killer bee closely misses you.
You block the killer bee's attack. The killer bee barely misses you. x2
You block the killer bee's attack.
The killer bee buzzes angrily.
You are very lightly contaminated with residual magic.
It was a potion of flight.
You feel very buoyant.
You fly up into the air.
The killer bee misses you. You block the killer bee's attack.
The killer bee misses you. The killer bee stings you.
You die...

.# # ##.. .#
#..###/#
#......
#..... #...##
#yy..#.# .#.#
#@y# o# #.#y#
#.y# .# #...
#..# y# #..#
##.# y##..#
.. ....# ..#
## ###†.#
....#.##....#
......yy...$#
######y.####


You could see 4 killer bees.

Vanquished Creatures
  Eustachio (D:5)
  A hungry ghost (D:7)
  Duvessa (D:7)
  A black bear (D:6)
  An ice beast (D:7)
  A centaur (D:6)
  2 ogres
  2 phantoms
  2 bullfrogs (D:7)
  Dowan (D:7)
  A scorpion (D:5)
  4 wights (D:6)
  11 killer bees (D:8)
  2 orc wizards (D:3)
  A jelly (D:7)
  2 bullfrog skeletons
  3 gnoll shamans
  2 orc priests
  3 hounds
  Terence (D:3)
  4 iguanas
  7 worker ants
  A hound skeleton (D:6)
  34 gnolls
  14 adders
  A shadow imp (D:6)
  2 adder skeletons
  2 worms
  3 dart slugs
  3 leopard geckos
  14 orcs
  10 bats
  6 giant cockroaches
  5 goblins
  8 hobgoblins
  37 jackals
  8 kobolds
  5 quokkas
  A ball python (D:1)
  A frilled lizard (D:1)
  12 rats
221 creatures vanquished.

Notes
Turn   | Place    | Note
-------+----------+-------------------------------------------
     0 | D:1      | Bronimir the Centaur Gladiator began the quest for the Orb.
     0 | D:1      | Reached XP level 1. HP: 17/17 MP: 1/1
   120 | D:1      | Reached XP level 2. HP: 10/24 MP: 2/2
   477 | D:1      | Reached skill level 3 in Axes
   825 | D:1      | Reached XP level 3. HP: 28/29 MP: 3/3
  1711 | D:2      | Reached XP level 4. HP: 36/37 MP: 4/4
  2456 | D:3      | Reached skill level 1 in Armour
  2723 | D:3      | Reached XP level 5. HP: 26/42 MP: 5/5
  2727 | D:3      | Reached skill level 4 in Axes
  2979 | D:3      | Learned a level 3 spell: Confuse
  2999 | D:3      | Reached skill level 1 in Shields
  3112 | D:3      | Noticed Terence
  3123 | D:3      | Killed Terence
  3123 | D:3      | Reached XP level 6. HP: 42/50 MP: 6/6
  3776 | D:4      | Reached skill level 1 in Hexes
  4304 | D:4      | Reached XP level 7. HP: 53/56 MP: 8/8
  4328 | D:4      | Reached skill level 1 in Spellcasting
  4532 | D:4      | Reached skill level 5 in Axes
  6184 | D:4      | Reached skill level 6 in Axes
  6219 | D:5      | Entered Level 5 of the Dungeon
  6242 | D:5      | Noticed Eustachio
  6278 | D:5      | Killed Eustachio
  6278 | D:5      | Reached XP level 8. HP: 36/63 MP: 8/10
  6799 | D:5      | HP: 3/63 [steam dragon/ball of steam (10)]
  7606 | D:6      | Found Katasu's Assorted Antiques.
  7810 | D:6      | Found an iron altar of Okawaru.
  8041 | D:6      | Reached skill level 7 in Axes
  8425 | D:6      | Became a worshipper of Warmaster Okawaru
  8450 | D:7      | Noticed Duvessa
  8450 | D:7      | Noticed Dowan
  8462 | D:7      | Killed Duvessa
  8462 | D:7      | Reached XP level 9. HP: 69/70 MP: 12/12
  8466 | D:7      | Killed Dowan
  8765 | D:7      | Found a glowing silver altar of Zin.
  8792 | D:7      | Found Upucem's Weapon Boutique.
  8850 | D:7      | Reached * piety under Okawaru
  8894 | D:8      | Reached skill level 1 in Invocations
  8996 | D:8      | Noticed a queen bee
  9074 | D:8      | HP: 3/71 [poisoned by a killer bee]
  9076 | D:8      | Slain by a killer bee

Levels and vault maps discovered:
D:1:      kilobyte_arrival_exit_the_forest, layout_basic
D:2:      layout_rooms
D:3:      layout_basic, uniq_terence
D:4:      lemuel_castle_with_subvaults [lemuel_castle_interior_carwin_2],
          layout_basic, first_ration
D:5:      layout_loops_corners, minmay_temple_entry_junction_2, uniq_eustachio
D:6:      layout_loops_cross, kennysheep_little_box, serial_shops, shop,
          minmay_crystal_room
D:7:      layout_rooms, kennysheep_mini, serial_shops, shop, uniq_duvessa
D:8:      layout_loops_ring, david_nohive_1, hex_large, roderic_batcave,
          worms_lemuel, uniq_psyche

Skill      XL: |  1  2  3  4  5  6  7  8  9 |
---------------+----------------------------+-----
Axes           | 3 4 6 7 |  7.9
Armour         | 1 2 3 4 |  4.5
Shields        | 1 2 3 |  3.3
Hexes          | 1 2 3 |  3.3
Spellcasting   | 1 2 |  2.0
Fighting       | 3 4 |  4.2
Dodging        | 3 |  3.3
Invocations    | 1 |  1.9
Throwing       | |  2.4
Stealth        | |  0.5

Action                   |  1- 3 |  4- 6 |  7- 9 || total
-------------------------+-------+-------+-------++-------
Melee: War axe           |   109 |   246 |   264 ||   619
       Kick              |    21 |    50 |   106 ||   177
       Hand axe          |       |       |   112 ||   112
Throw: Throwing net      |       |       |     4 ||     4
       Boomerang         |       |       |     4 ||     4
Invok: Heroism           |       |       |     2 ||     2
  Use: Scroll            |       |    10 |     4 ||    14
       Potion            |       |       |     8 ||     8
 Stab: Held in net/web   |       |       |     1 ||     1
  Eat: Chunk             |     2 |     8 |    15 ||    25
Armor: Leather armour    |    13 |       |       ||    13
       Ring mail         |    53 |   128 |   178 ||   359
Dodge: Dodged            |    62 |    68 |   147 ||   277
Block: Shield            |    16 |   102 |   197 ||   315
